 Dungeon Crawl Stone Soup version 0.19-a0-47-g1fa3c7d (webtiles) character file.

4026 AlphabetPasta the Sneak (level 10, 0/50 HPs)
             Began as a Tengu Enchanter on May 5, 2016.
             Was an Initiate of Dithmenos.
             Slain by a killer bee (5 damage)
             ... on level 8 of the Dungeon on May 6, 2016.
             The game lasted 01:17:46 (11430 turns).

AlphabetPasta the Sneak (Tengu Enchanter)          Turns: 11430, Time: 01:17:48

Health: 0/50       AC:  4    Str:  9    XL:     10   Next: 24%
Magic:  1/18       EV: 14    Int: 17    God:    Dithmenos [......]
Gold:   347        SH:  0    Dex: 16    Spells: 5 memorised, 7 levels left

rFire  . . .     SeeInvis .     a - +2 dagger
rCold  . . .     Gourm    .     e - +2 robe
rNeg   . . .     Faith    .     (no shield)
rPois  .         Spirit   .     (helmet restricted)
rElec  .         Dismiss  .     (no cloak)
rCorr  .         Reflect  .     (no gloves)
SustAt +         Harm     .     (boots unavailable)
MR     .....                    (no amulet)
Stlth  ++++......               (no ring)
                                r - ring of sustain attributes

@: lethally poisoned (0 -> -12), repel missiles, not resistant to hostile
enchantments, stealthy
A: beak, talons 3, able to fly 1
a: Fly, Renounce Religion


You were on level 8 of the Dungeon.
You worshipped Dithmenos.
Dithmenos was noncommittal.
You were not hungry.

You visited 2 branches of the dungeon, and saw 9 of its levels.
You also visited: Sewer.

You collected 347 gold pieces.

Inventory:

Hand Weapons
 a - a +2 dagger (weapon)
 b - a +0 long sword
Missiles
 o - 5 javelins (quivered)
 t - 12 tomahawks
 w - 2 throwing nets
Armour
 e - a +2 robe (worn)
Jewellery
 r - a ring of sustain attributes (left hand)
 B - a cursed ring of loudness {unknown}
Wands
 v - a wand of enslavement (4/24)
Scrolls
 k - 2 scrolls of remove curse
 s - a scroll of amnesia
 y - a scroll of enchant armour
 C - a scroll of recharging
Potions
 f - a potion of curing
 g - 3 potions of lignification
 h - 2 potions of magic
 j - 2 potions of invisibility
 l - 5 potions of flight
 m - 4 potions of agility
 n - a potion of ambrosia
 p - a potion of haste
 q - a potion of cure mutation
 z - a potion of cancellation
 A - a potion of brilliance {unknown}
Books
 c - a book of Maledictions

   Spells                             Type                      Level
   a - Corona                         Hexes                        1
   b - Ensorcelled Hibernation        Hexes/Ice                    2
   c - Confuse                        Hexes                        3
   d - Tukima's Dance                 Hexes                        3
   e - Dazzling Spray                 Conjuration/Hexes            3
 i - a book of Air

   Spells                             Type                      Level
   a - Shock                          Conjuration/Air              1
   b - Swiftness                      Charms/Air                   2
   c - Repel Missiles                 Charms/Air                   2
   d - Static Discharge               Conjuration/Air              3
   e - Lightning Bolt                 Conjuration/Air              5
Comestibles
 d - 7 bread rations
 u - a meat ration
 x - a slice of pizza
 D - 3 chunks of flesh


   Skills:
 + Level 6.6(6.8) Short Blades
 + Level 1.9(4.6) Long Blades
 - Level 2.0 Throwing
 - Level 4.5 Dodging
 + Level 7.4 Stealth
 + Level 4.9 Spellcasting
 + Level 4.7 Conjurations
 * Level 6.7 Hexes
 - Level 2.4 Air Magic


You had 7 spell levels left.
You knew the following spells:

 Your Spells              Type           Power        Failure   Level  Hunger
a - Corona                Hex            ####...      1%          1    None
b - Ensorcelled Hibernat  Hex/Ice        ###...       6%          2    #......
c - Confuse               Hex            ####....     3%          3    ###....
d - Repel Missiles        Chrm/Air       #.....       17%         2    #......
e - Dazzling Spray        Conj/Hex       ###...       6%          3    ###....


Dungeon Overview and Level Annotations

Branches:
Dungeon (8/15)             Temple (1/1) D:7
   Lair: D:8-11

Altars:
Ashenzari
Cheibriados
Dithmenos
Elyvilon
Fedhas
Gozag
Kikubaaqudgha
Makhleb
Nemelex Xobeh
Okawaru
Pakellas
Qazlal
Ru
Sif Muna
Trog
Vehumet
Xom
Yredelemnul
Zin

Shops:
D:2 *

Annotations:
D:5 smazza's ghost, novice MiGl
D:6 Pikel


Innate Abilities, Weirdness & Mutations

You have a beak for a mouth.
You have claws for feet.
You can fly.


Message History

Press: ? - help, Shift-Dir - straight line, f/p - killer bee
Aim: a killer bee (chance to defeat MR: 54%)
The killer bee resists with significant effort.
Evoking this partially-identified wand wasted a few charges.
The giant frog gives a loud, deep croak!
The killer bee stings you.
You are poisoned.
The killer bee poisons you! The killer bee stings you!
* * * LOW HITPOINT WARNING * * *
Evoke which item? (* to show all) (? for menu, Esc to quit)
Zapping:
v - a wand of enslavement {zapped: 2} (will waste charges)
Press: ? - help, Shift-Dir - straight line, f/p - killer bee
Aim: a killer bee (chance to defeat MR: 54%)
The killer bee resists with significant effort.
Evoking this partially-identified wand wasted a few charges.
You feel sick. The killer bee stings you!
* * * LOW HITPOINT WARNING * * *
You are lethally poisoned!
The killer bee poisons you! The killer bee stings you.
You die...

####...##.##)###
......###.##.#
####### #.##.# #
#.##.# # #.##.# #
#)##.# # #)##.# #
#.##.#########.#
######.##....@y..yFy#
#......############.#
#.####.# #.# #.# #.#
#.# #.# #.## #.# #..#
#.# ###'###
#.###.....###


You could see a giant frog and 3 killer bees.

Vanquished Creatures
  Erica (D:8)
  A spriggan (D:7)
  Sigmund (D:4)
  Eustachio (D:4)
  Menkaure (D:4)
  Purgy (Sewer)
  2 orc warriors (D:8)
  A sky beast (D:7)
  2 slaves (D:6)
  2 ice beasts
  2 ogres
  A centaur (D:6)
  3 giant frogs
  2 killer bees (D:8)
  2 scorpions
  The ghost of newageoflight the Shooter, a weakling CeHu (D:3)
  4 howler monkeys
  A crimson imp (D:5)
  A centaur zombie (D:5)
  2 quasits
  2 hounds
  5 orc priests
  A jelly (D:4)
  A giant frog skeleton (D:6)
  A gnoll shaman (D:5)
  A centaur skeleton (D:7)
  4 orc wizards
  Jessica (D:2)
  2 iguanas
  Ijyb (D:3)
  10 worker ants
  A killer bee zombie (D:8)
  2 hound zombies
  2 worker ant zombies
  Robin (D:3)
  8 gnolls
  2 river rats (D:3)
  16 adders
  A howler monkey skeleton (D:4)
  2 shadow imps (D:5)
  An ooze (D:1)
  2 adder skeletons
  An adder zombie (D:7)
  3 worms
  5 dart slugs
  5 giant geckos
  37 orcs
  10 bats
  15 giant cockroaches
  13 hobgoblins
  6 jackals
  3 quokkas
  4 ball pythons
  6 giant newts
  15 goblins
  A jackal skeleton (D:6)
  10 kobolds
  A quokka skeleton (D:7)
  7 rats
241 creatures vanquished.

Vanquished Creatures (collateral kills)
  An orc (D:7)
1 creature vanquished.

Vanquished Creatures (others)
  4 toadstools (D:1)
4 creatures vanquished.

Grand Total: 246 creatures vanquished

Notes
Turn   | Place    | Note
--------------------------------------------------------------
     0 | D:1      | AlphabetPasta the Tengu Enchanter began the quest for the Orb.
     0 | D:1      | Reached XP level 1. HP: 10/10 MP: 4/4
   155 | D:1      | Reached XP level 2. HP: 15/15 MP: 6/6
   361 | D:1      | Learned a level 2 spell: Ensorcelled Hibernation
   635 | D:1      | Reached XP level 3. HP: 19/19 MP: 3/7
   643 | D:1      | Learned a level 3 spell: Confuse
  1093 | D:2      | Noticed Jessica
  1259 | D:2      | Reached skill level 4 in Stealth
  1259 | D:2      | Reached XP level 4. HP: 24/24 MP: 5/8
  1432 | D:2      | Killed Jessica
  1756 | D:2      | Found Gozag's Platinum Reserve.
  1769 | D:2      | Found an opulent altar of Gozag.
  1985 | D:2      | Gained mutation: You can fly. [Tengu growth]
  1985 | D:2      | Reached XP level 5. HP: 26/28 MP: 5/9
  2062 | D:3      | Learned a level 3 spell: Confuse
  2098 | D:3      | Noticed newageoflight's ghost (weakling CeHu)
  2223 | D:3      | HP: 1/28 [river rat (7)]
  2241 | D:3      | Found a glowing drain.
  2248 | Sewer    | Entered a sewer
  2426 | Sewer    | Noticed Purgy
  2430 | Sewer    | Killed Purgy
  2430 | Sewer    | Reached XP level 6. HP: 25/32 MP: 7/10
  3561 | D:3      | Killed newageoflight's ghost
  3640 | D:3      | Reached skill level 5 in Stealth
  4026 | D:3      | Reached XP level 7. HP: 36/36 MP: 12/12
  4033 | D:3      | Learned a level 2 spell: Repel Missiles
  4228 | D:3      | Noticed Ijyb
  4246 | D:3      | Killed Ijyb
  4400 | D:4      | Noticed Robin
  5003 | D:3      | Reached skill level 1 in Air Magic
  5161 | D:3      | Killed Robin
  5315 | D:4      | Noticed Menkaure
  5353 | D:4      | Killed Menkaure
  5625 | D:4      | Noticed Sigmund
  5687 | D:4      | Killed Sigmund
  5687 | D:4      | Reached skill level 1 in Throwing
  5687 | D:4      | Reached XP level 8. HP: 41/41 MP: 13/13
  5781 | D:4      | Noticed Eustachio
  5897 | D:4      | Killed Eustachio
  6607 | D:5      | Entered Level 5 of the Dungeon
  6773 | D:5      | Noticed smazza's ghost (novice MiGl)
  7517 | D:5      | Reached skill level 6 in Stealth
  7842 | D:6      | Found a sparkling altar of Nemelex Xobeh.
  8488 | D:6      | Reached skill level 5 in Short Blades
  8488 | D:6      | Reached skill level 5 in Hexes
  8493 | D:6      | Learned a level 3 spell: Dazzling Spray
  8614 | D:6      | Noticed Pikel
  8684 | D:6      | Reached XP level 9. HP: 45/45 MP: 12/15
  8797 | D:6      | Reached skill level 1 in Conjurations
  9423 | D:6      | Found an ancient bone altar of Kikubaaqudgha.
  9542 | D:7      | Found a stormy altar of Qazlal.
  9664 | D:7      | Found a shimmering altar of Xom.
  9689 | D:7      | Found a staircase to the Ecumenical Temple.
  9711 | Temple   | Entered the Ecumenical Temple
 10845 | D:8      | Found a deep blue altar of Sif Muna.
 10860 | D:8      | Reached skill level 7 in Stealth
 11150 | D:8      | Reached skill level 1 in Long Blades
 11150 | D:8      | Reached XP level 10. HP: 45/50 MP: 5/18
 11246 | D:8      | Found an oddly glowing altar of Pakellas.
 11246 | D:8      | Found a shadowy altar of Dithmenos.
 11246 | D:8      | Noticed Erica
 11257 | D:8      | Killed Erica
 11262 | D:8      | Became a worshipper of Dithmenos the Shadowed
 11430 | D:8      | Slain by a killer bee

Vault maps used:
D:1:      ldierk_walled_garden_2, minmay_misc_feat_x
D:2:      kennysheep_big_flooded_room, nicolae_gozag_zags_fifth_avenue,
          uniq_jessica
D:3:      gup_sewer_entry_bowl, uniq_iyjb
D:4:      nicolae_underground_beach, uniq_eustachio, uniq_sigmund,
          uniq_menkaure, uniq_robin
D:5:      first_bread
D:6:      nemelex_xobeh_ov_fountains_minmay, nicolae_overflow_hidden_temple,
          uniq_pikel
D:7:      nicolae_qazlal_general_emergency, marbit_many_paths,
          minmay_temple_entry_glass, the_bakery
D:8:      nicolae_overflow_crystal_walls, kennysheep_mini_moat,
          gammafunk_temple_overflow_pools, uniq_erica
Temple:   circular_temple_12
Sewer:    kennysheep_door_sewer

Skill      XL: |  1  2  3  4  5  6  7  8  9 |
---------------+----------------------------+-----
Stealth        | 4 5 6 7 |  7.4
Short Blades   | 2 3 4 5 6 |  6.6
Hexes          | 3 4 5 6 |  6.7
Dodging        | 3 4 |  4.5
Air Magic      | 2 |  2.4
Spellcasting   | 3 4 |  4.9
Throwing       | 1 2 |  2.0
Conjurations   | 4 |  4.7
Long Blades    | 1 |  1.9

Action                   |  1- 3 |  4- 6 |  7- 9 | 10-12 || total
-------------------------+-------+-------+-------+-------++-------
Melee: Dagger            |    66 |   141 |   403 |    14 ||   624
       Kick              |    10 |    24 |   115 |     4 ||   153
       Peck              |     9 |    10 |    85 |     2 ||   106
       Long sword        |       |       |    45 |       ||    45
Throw: Javelin           |       |       |     5 |       ||     5
 Cast: Corona            |     6 |     2 |     1 |       ||     9
       Ensorcelled Hiber |    14 |    43 |    71 |       ||   128
       Confuse           |     1 |    19 |    87 |     1 ||   108
       Repel Missiles    |       |       |     1 |       ||     1
       Dazzling Spray    |       |       |       |     7 ||     7
 Abil: Fly               |       |     1 |       |       ||     1
Evoke: Wand              |       |       |       |     2 ||     2
  Use: Scroll            |       |    10 |    15 |     1 ||    26
       Potion            |       |     2 |     2 |       ||     4
 Stab: Sleeping          |    16 |    41 |    67 |       ||   124
       Confused          |       |     5 |    37 |       ||    42
       Distracted        |       |     1 |     1 |       ||     2
       Invisible         |       |       |       |     4 ||     4
  Eat: Chunk             |     2 |    13 |    21 |     2 ||    38
       Fruit             |       |     2 |     1 |       ||     3
       Pizza             |       |       |     1 |       ||     1
       Meat ration       |       |       |     2 |       ||     2
       Royal jelly       |       |       |     1 |       ||     1
Armor: Robe              |     7 |    22 |    70 |       ||    99
Dodge: Dodged            |    35 |    75 |   208 |    10 ||   328
